 Dungeon Crawl Stone Soup version 0.22.0 (webtiles) character file.

40999 Htamos the Geomancer (level 14, -11/86 HPs)
             Began as a Gargoyle Earth Elementalist on Aug 11, 2018.
             Was an Elder of Vehumet.
             Mangled by a komodo dragon (22 damage)
             ... on level 5 of the Lair of Beasts.
             The game lasted 01:00:03 (26196 turns).

Htamos the Geomancer (Gargoyle Earth Elementalist) Turns: 26196, Time: 01:00:03

Health: -11/86     AC: 17    Str: 17    XL:     14   Next: 13%
Magic:  23/40      EV: 12    Int: 20    God:    Vehumet [****..]
Gold:   241        SH:  0    Dex: 10    Spells: 7/40 levels left

rFire    . . .     SeeInvis .   u - staff of wizardry
rCold    + . .     Gourm    +   (no shield)
rNeg     + . .     Faith    .   c - +2 robe
rPois    ∞         Spirit   .   y - +2 helmet
rElec    +         Reflect  .   S - scarf {repulsion}
rCorr    .         Harm     .   (no gloves)
MR       +....                  (no boots)
Stlth    +++.......             L - amulet of the gourmand
HPRegen  0.24/turn              x - ring of Macsu {rC+ MP+9 Str+4}
MPRegen  0.27/turn              Q - ring of wizardry

@: repel missiles
A: big wings, negative energy resistance 1, electricity resistance, unbreathing,
petrification resistance, rot immunity, AC +10
a: Fly, Renounce Religion


You were on level 5 of the Lair of Beasts.
You worshipped Vehumet.
Vehumet was greatly pleased with you.
You were completely stuffed.

You visited 3 branches of the dungeon, and saw 18 of its levels.

You collected 1037 gold pieces.
You spent 796 gold pieces at shops.

Inventory:

Hand Weapons
 f - a +0 club
 k - a +0 spear
 l - a +1 dagger of speed
 m - a +3 scimitar of flaming
 B - a +0 dagger of draining
 H - a +1 long sword of freezing
 Y - the +5 long sword of the Undead {flame, rN+ Str+2 SInv Stlth+}
   (You found it on level 1 of the Lair of Beasts)

   It has been specially enchanted to burn those struck by it, causing extra
   injury to most foes and up to half again as much damage against particularly
   susceptible opponents.
   Big, fiery blades are also staple armaments of hydra-hunters.
   It affects your strength (+2).
   It protects you from negative energy.
   It lets you see invisible.
   It makes you more stealthy.
Missiles
 b - 65 stones (quivered)
 C - a throwing net
Armour
 c - a +2 robe (worn)
 y - a +2 helmet (worn)
 S - a scarf of repulsion (worn)
Magical Staves
 u - an uncursed staff of wizardry (weapon)
Jewellery
 e - an uncursed ring of positive energy
 j - an uncursed amulet of guardian spirit
 q - an uncursed ring of protection from fire
 r - a +4 ring of evasion
 x - the ring of Macsu (left hand) {rC+ MP+9 Str+4}
   (You bought it in a shop on level 11 of the Dungeon)

   [ring of magical power]

   It affects your strength (+4).
   It protects you from cold.
   It affects your magic capacity (+9).
 I - an uncursed ring of resist corrosion
 K - an uncursed ring of stealth
 L - an amulet of the gourmand (around neck)
 N - an uncursed ring of protection from cold
 Q - a ring of wizardry (right hand)
 X - an uncursed ring of flight
Wands
 n - a wand of enslavement (14)
 s - a wand of flame (89)
 z - a wand of acid (5)
 E - a wand of random effects (42)
 O - a wand of paralysis (7)
 P - a wand of polymorph (10)
Scrolls
 w - 2 scrolls of magic mapping
 A - 4 scrolls of amnesia
 G - a scroll of immolation
 M - 7 scrolls of teleportation
 T - 5 scrolls of remove curse
 U - 2 scrolls of fog
 V - a scroll of vulnerability {unknown}
 Z - 4 scrolls of identify
Potions
 a - a potion of flight
 g - 2 potions of mutation
 i - a potion of berserk rage {unknown}
 o - 3 potions of curing
 p - 3 potions of magic
 v - a potion of invisibility {unknown}
 D - a potion of brilliance {unknown}
 F - a potion of degeneration
 J - a potion of cancellation {unknown}
 R - 3 potions of lignification
 W - a potion of agility {unknown}
Comestibles
 d - 25 rations
 t - 4 chunks of flesh


   Skills:
 - Level 9.5 Fighting
 - Level 5.0 Short Blades
 - Level 1.5 Dodging
 - Level 6.7 Stealth
 * Level 13.7 Spellcasting
 - Level 9.1 Conjurations
 - Level 0.7 Transmutations
 - Level 4.0 Fire Magic
 - Level 13.8 Earth Magic


You had 7 spell levels left.
You knew the following spells:

 Your Spells              Type           Power        Failure   Level  Hunger
a - Sandblast             Erth           ######       0%          1    None
b - Stone Arrow           Conj/Erth      ######       1%          3    None
c - Flame Tongue          Conj/Fire      #####        1%          1    None
d - Petrify               Tmut/Erth      #####...     1%          4    None
e - Static Discharge      Conj/Air       ####....     1%          3    None
f - Airstrike             Air            ##........   5%          4    None
g - Passwall              Tmut/Erth      #####...     1%          2    None
h - Lee's Rapid Deconstr  Erth           ######....   1%          5    ####...
i - Yara's Violent Unrav  Hex/Tmut       ###.......   13%         5    ####...
j - Bolt of Draining      Conj/Necr      ####......   2%          5    ####...

Your spell library contained the following spells:

 Spells                   Type           Power        Failure   Level  Hunger
 Cause Fear               Hex            ##........   13%         4    None
 Bolt of Cold             Conj/Ice       ####......   12%         6    #####..
 Slow                     Hex            ##......     1%          2    None
 Confuse                  Hex            ##......     4%          3    None
 Summon Small Mammal      Summ           ##..         1%          1    None
 Iskenderun's Mystic Bla  Conj           ######..     1%          4    None
 Summon Ice Beast         Ice/Summ       ##......     13%         4    None
 Call Imp                 Summ           ##......     1%          2    None
 Regeneration             Chrm/Necr      ##........   4%          3    None
 Tukima's Dance           Hex            ##......     4%          3    None
 Throw Icicle             Conj/Ice       ####....     1%          4    None
 Ignite Poison            Fire/Tmut/Pois ###.....     1%          3    None
 Call Canine Familiar     Summ           ##......     4%          3    None
 Ensorcelled Hibernation  Hex/Ice        ##....       1%          2    None
 Corona                   Hex            ##.....      1%          1    None
 Portal Projectile        Hex/Tloc       ##....       4%          3    None
 Orb of Destruction       Conj           ######....   11%         7    #######
 Leda's Liquefaction      Hex/Erth       #####.....   1%          4    None
 Shroud of Golubria       Chrm/Tloc      ##........   1%          2    None
 Inner Flame              Hex/Fire       ###.....     1%          3    None
 Dazzling Spray           Conj/Hex       ####..       1%          3    None
 Infusion                 Chrm           ##..         1%          1    None
 Song of Slaying          Chrm           ##......     1%          2    None
 Spectral Weapon          Hex/Chrm       ##......     4%          3    None
 Searing Ray              Conj           ######       1%          2    None
 Summon Lightning Spire   Summ/Air       ##......     13%         4    None
 Summon Guardian Golem    Hex/Summ       ##......     4%          3    None


Dungeon Overview and Level Annotations

Branches:
Dungeon (11/15)            Temple (1/1) D:4            Lair (6/6) D:11
 Shoals (0/4) Lair:4        Snake (0/4) Lair:3          Orc (0/2) D:11
  Slime: Lair:5-6

Altars:
Ashenzari
Cheibriados
Dithmenos
Elyvilon
Fedhas
Gozag
Hepliaklqana
Kikubaaqudgha
Makhleb
Nemelex Xobeh
Okawaru
Qazlal
Ru
Sif Muna
Trog
Uskayaw
Vehumet
Wu Jian
Xom
Yredelemnul
Zin
The Shining One

Shops:
D:4 }   D:7 !   D:11 =*(

Annotations:
D:7 2 transporters, Azzok's ghost, novice GnTm
D:9 exclusion: downstairs
Lair:2 exclusions: downstairs and oklob plant


Innate Abilities, Weirdness & Mutations

You are resistant to torment.
Your stone body is resilient. (AC +10)
You are immune to poison.
Your large and strong wings let you fly indefinitely.
You resist negative energy. (rN+)
You are resistant to electric shocks. (rElec)
You can survive without breathing.
You are immune to petrification.
You are immune to rotting.


Message History

You feel better.
The komodo dragon bites you but does no damage.
Casting: Sandblast (safe; 0% risk of failure)
Confirm with . or Enter, or press ? or * to list all spells.
Aiming: Stone Arrow (safe; 1% risk of failure)
Press: ? - help, Shift-Dir - straight line, f/p - komodo dragon
Aim: a komodo dragon (severely wounded)
The stone arrow misses the komodo dragon.
The komodo dragon bites you!!
* * * LOW HITPOINT WARNING * * *
Casting: Stone Arrow (safe; 1% risk of failure)
Confirm with . or Enter, or press ? or * to list all spells.
Aiming: Sandblast (safe; 0% risk of failure)
Press: ? - help, Shift-Dir - straight line, f/p - komodo dragon
Aim: a komodo dragon (severely wounded)
The blast of sand hits the komodo dragon.
The komodo dragon is almost dead.
b - 65 stones The komodo dragon bites you!!
You die...

#....##P..P.......#.###.##.
#....P.P...........#.#...#.
#.......P................#.
##........#..............#.
##...................#.##.##
#.#....#...........##..#####
###...##..#.......P...+....#
##....P.#..................
#.........@l...............
#..........................
#.......#.#.#..............
#....#########.............
##.<..#...####.P###........
##....#....##...# #........
##P.........P#...###........
#.....#.....##P.#.#....#....
##PP...##...#...###.........


You could see a komodo dragon.

Vanquished Creatures
  Rupert (Lair:6)
  3 hydras
  A two-headed ogre (D:9)
  3 death yaks
  An unseen horror (D:10)
  A lindwurm (Lair:6)
  2 ugly things (D:11)
  A manticore (Lair:4)
  A centaur zombie (D:10)
  10 elephants
  6 black mambas
  A centaur skeleton (D:11)
  2 torpor snails (Lair:6)
  An efreet (D:11)
  3 rime drakes
  4 spiny frogs
  11 komodo dragons
  A troll (D:11)
  A hornet (D:9)
  A polar bear (Lair:6)
  5 blink frogs (Lair:6)
  6 dream sheep (Lair:4)
  7 hippogriffs
  A spriggan (D:11)
  A wyvern (Lair:6)
  A wraith (D:9)
  43 yaks
  Grum (Lair:1)
  2 basilisks
  2 hungry ghosts
  Eustachio (D:4)
  Menkaure (D:5)
  4 nagas (Lair:3)
  11 water moccasins
  5 orc warriors
  10 porcupines
  A black bear (D:6)
  An eye of draining (D:10)
  3 necrophages
  8 ogres
  7 wolves (Lair:1)
  A centaur (D:6)
  11 crocodiles
  2 big kobolds
  A gnoll sergeant (D:9)
  7 bullfrogs
  5 scorpions
  29 killer bees
  3 howler monkeys (D:10)
  4 wights (D:10)
  2 electric eels (Lair:4)
  4 crimson imps
  5 orc wizards
  A gnoll shaman (D:8)
  3 hounds
  A bullfrog skeleton (D:6)
  5 orc priests
  A jelly (D:7)
  9 worker ants
  Ijyb (D:5)
  An iguana (D:11)
  A hound zombie (D:11)
  A hound skeleton (D:9)
  A mummy (D:11)
  11 gnolls
  A worker ant zombie (D:10)
  11 adders
  3 shadow imps
  2 adder zombies
  4 worms
  2 dart slugs
  6 leopard geckos
  30 orcs
  11 bats
  6 giant cockroaches
  7 hobgoblins
  10 jackals
  3 quokkas
  2 ball pythons
  6 frilled lizards
  5 goblins
  A jackal skeleton (D:5)
  17 kobolds
  A quokka zombie (D:7)
  7 rats
421 creatures vanquished.

Vanquished Creatures (others)
  A quokka (D:9)
  11 fungi
  7 plants
19 creatures vanquished.

Grand Total: 440 creatures vanquished

Notes
Turn   | Place    | Note
-------+----------+-------------------------------------------
     0 | D:1      | Htamos the Gargoyle Earth Elementalist began the quest for the Orb.
     0 | D:1      | Reached XP level 1. HP: 10/10 MP: 3/3
   449 | D:1      | Reached XP level 2. HP: 16/16 MP: 5/5
  1123 | D:1      | Reached skill level 1 in Fighting
  1286 | D:2      | Reached XP level 3. HP: 10/20 MP: 2/6
  1595 | D:2      | Reached XP level 4. HP: 22/25 MP: 0/7
  1670 | D:2      | Reached skill level 5 in Earth Magic
  3086 | D:3      | Reached XP level 5. HP: 27/30 MP: 9/9
  3832 | D:3      | Learned a level 3 spell: Stone Arrow
  3927 | D:4      | Found a shattered altar of Ashenzari.
  3931 | D:4      | Noticed Eustachio
  3956 | D:4      | Killed Eustachio
  3956 | D:4      | Reached XP level 6. HP: 18/37 MP: 1/11
  3968 | D:4      | HP: 1/37 [scorpion (5)]
  4258 | D:4      | Found Lutit's Gadget Emporium.
  4293 | D:4      | Found a staircase to the Ecumenical Temple.
  4448 | Temple   | Entered the Ecumenical Temple
  4654 | Temple   | Became a worshipper of Vehumet
  4870 | D:4      | Reached XP level 7. HP: 41/41 MP: 6/12
  4889 | D:4      | Found a shimmering altar of Xom.
  5042 | D:5      | Entered Level 5 of the Dungeon
  5419 | D:5      | Found a sacrificial altar of Ru.
  5491 | D:5      | Noticed Ijyb
  5521 | D:5      | Killed Ijyb
  5621 | D:5      | Noticed Menkaure
  5628 | D:5      | Killed Menkaure
  5628 | D:5      | Reached XP level 8. HP: 40/48 MP: 10/14
  6196 | D:6      | Reached skill level 5 in Fighting
  6715 | D:6      | Reached * piety under Vehumet
  6715 | D:6      | Offered knowledge of Flame Tongue by Vehumet.
  6722 | D:6      | Reached skill level 5 in Spellcasting
  6740 | D:6      | Learned a level 1 spell: Flame Tongue
  6827 | D:6      | Found a shimmering altar of Xom.
  7102 | D:6      | Reached skill level 1 in Conjurations
  7313 | D:6      | Found a hazy altar of Hepliaklqana.
  7403 | D:7      | Found a snail-covered altar of Cheibriados.
  7417 | D:7      | Learned a level 4 spell: Petrify
  7547 | D:6      | Reached XP level 9. HP: 31/55 MP: 7/16
  7744 | D:6      | Reached skill level 10 in Earth Magic
  8032 | D:7      | Found an opulent altar of Gozag.
  8099 | D:7      | Found Bireugy's Distillery.
  8538 | D:7      | Found a blossoming altar of Fedhas.
  8612 | D:7      | Found a transporter.
  8614 | D:7      | Noticed Azzok's ghost (novice GnTm)
  8622 | D:7      | Found a transporter.
  8835 | D:8      | Reached skill level 1 in Short Blades
  9490 | D:8      | Reached ** piety under Vehumet
  9536 | D:8      | Found a hide-covered altar of Uskayaw.
  9545 | D:8      | Offered knowledge of Throw Flame by Vehumet.
 10515 | D:8      | Found a glowing silver altar of Zin.
 10700 | D:9      | Reached skill level 5 in Conjurations
 10802 | D:9      | Reached XP level 10. HP: 55/61 MP: 3/18
 11235 | D:9      | Noticed a two-headed ogre
 11242 | D:9      | Killed a two-headed ogre
 12054 | D:9      | Found a white marble altar of Elyvilon.
 12098 | D:9      | Offered knowledge of Static Discharge by Vehumet.
 12168 | D:9      | Learned a level 3 spell: Static Discharge
 12190 | D:10     | Entered Level 10 of the Dungeon
 12461 | D:10     | Reached *** piety under Vehumet
 12678 | D:10     | Reached skill level 5 in Stealth
 12934 | D:10     | Identified a scroll of acquirement
 12934 | D:10     | Identified the Papyrus of the Arcane (You acquired it on level 10 of the Dungeon)
 13340 | D:10     | Offered knowledge of Airstrike by Vehumet.
 13356 | D:10     | Reached XP level 11. HP: 52/67 MP: 4/21
 13568 | D:9      | Learned a level 4 spell: Airstrike
 14138 | D:10     | Killed an unseen horror
 15189 | D:11     | Found Jioczops's Jewellery Emporium.
 15222 | D:11     | Found Adeis's Antique Weapon Emporium.
 15470 | D:11     | Bought an uncursed ring of wizardry for 330 gold pieces
 15556 | D:11     | Found Fohoix's Assorted Antiques.
 15814 | D:11     | Found a staircase to the Lair.
 15824 | D:11     | Noticed an orc knight
 15824 | D:11     | Noticed a six-headed hydra
 15824 | D:11     | Noticed a cyan ugly thing
 15835 | D:11     | Noticed a deep elf mage
 15835 | D:11     | Noticed a tengu warrior
 15835 | D:11     | Noticed a tengu warrior
 15837 | D:11     | Noticed a green ugly thing
 15851 | D:11     | Killed a green ugly thing
 15947 | D:11     | Noticed a white ugly thing
 15957 | D:11     | Killed a white ugly thing
 16233 | D:11     | Found a staircase to the Orcish Mines.
 16435 | D:11     | Reached **** piety under Vehumet
 16536 | Lair:1   | Entered Level 1 of the Lair of Beasts
 16826 | Lair:1   | Reached XP level 12. HP: 54/74 MP: 2/24
 17016 | Lair:1   | Learned a level 2 spell: Passwall
 17022 | Lair:1   | Learned a level 5 spell: Lee's Rapid Deconstruction
 17125 | Lair:1   | Offered knowledge of Yara's Violent Unravelling by Vehumet.
 17233 | Lair:1   | Got a fine long sword
 17280 | Lair:1   | Noticed Grum
 17284 | Lair:1   | Killed Grum
 17553 | Lair:1   | Reached skill level 5 in Short Blades
 17582 | Lair:1   | Reached skill level 1 in Fire Magic
 18113 | Lair:1   | Identified the +5 long sword of the Undead {flame, rN+ Str+2 SInv Stlth+} (You found it on level 1 of the Lair of Beasts)
 18124 | Lair:1   | Learned a level 5 spell: Yara's Violent Unravelling
 20018 | Lair:3   | Noticed a death yak
 20021 | Lair:3   | Noticed a death yak
 20033 | Lair:3   | Noticed a death yak
 20244 | Lair:3   | Reached ***** piety under Vehumet
 20542 | Lair:3   | Offered knowledge of Bolt of Draining by Vehumet.
 20874 | Lair:3   | Found a staircase to the Snake Pit.
 21089 | Lair:3   | Killed a death yak
 21089 | Lair:3   | Reached skill level 10 in Spellcasting
 21089 | Lair:3   | Reached XP level 13. HP: 64/80 MP: 4/27
 23292 | Lair:4   | Found a staircase to the Shoals.
 23633 | D:11     | Bought the ring of Macsu {rC+ MP+9 Str+4} for 466 gold pieces
 24812 | Lair:6   | Entered Level 6 of the Lair of Beasts
 24865 | Lair:6   | Noticed Rupert
 24873 | Lair:6   | Killed Rupert
 25372 | Lair:6   | Found an iron altar of Okawaru.
 25711 | Lair:6   | Gained mutation: Your large and strong wings let you fly indefinitely. [Gargoyle growth]
 25711 | Lair:6   | Reached XP level 14. HP: 72/86 MP: 27/31
 25718 | Lair:6   | Learned a level 5 spell: Bolt of Draining
 26133 | Lair:5   | HP: 4/86 [komodo dragon (20)]
 26196 | Lair:5   | Mangled by a komodo dragon

Skill      XL: |  1  2  3  4  5  6  7  8  9 10 11 12 13 |
---------------+----------------------------------------+-----
Earth Magic    | 4 5 6 7 8 9 10 11 13 | 13.8
Fighting       | 1 2 3 4 5 6 7 8 9 |  9.5
Spellcasting   | 3 4 5 6 8 10 13 | 13.7
Conjurations   | 2 5 6 7 9 |  9.1
Short Blades   | 2 3 4 5 |  5.0
Stealth        | 3 5 6 |  6.7
Fire Magic     | 3 4 |  4.0
Dodging        | |  1.5
Transmutations | |  0.7

Action                   |  1- 3 |  4- 6 |  7- 9 | 10-12 | 13-15 || total
-------------------------+-------+-------+-------+-------+-------++-------
Melee: Club              |    58 |       |       |       |       ||    58
       Dagger            |    66 |   328 |   606 |   387 |       ||  1387
       Staff             |       |       |       |    29 |     2 ||    31
 Cast: Sandblast         |    25 |    13 |   121 |   189 |    31 ||   379
       Stone Arrow       |       |     8 |    29 |   258 |   212 ||   507
       Petrify           |       |       |    12 |     1 |       ||    13
       Flame Tongue      |       |       |       |    13 |       ||    13
Evoke: Wand              |       |       |     6 |     9 |     2 ||    17
  Use: Scroll            |       |     5 |     7 |    20 |     1 ||    33
       Potion            |       |     1 |     2 |     1 |     3 ||     7
 Stab: Sleeping          |     2 |     2 |     1 |     1 |       ||     6
       Petrified         |       |       |    39 |     4 |       ||    43
       Confused          |       |       |     3 |     1 |       ||     4
  Eat: Chunk             |     2 |    11 |    28 |    42 |    15 ||    98
       Ration            |       |       |     1 |       |       ||     1
Armor: Robe              |    65 |    76 |   191 |   216 |    34 ||   582
Dodge: Dodged            |   106 |   161 |   352 |   405 |    53 ||  1077
       Deflected         |       |       |       |     5 |     1 ||     6
